 Dungeon Crawl Stone Soup version 0.29-a0-517-gbdf32494f2 (webtiles) character file.

Game seed: 17223232249168780288

39 xian the Sneak (level 3, -4/24 HPs)
             Began as a Merfolk Enchanter on May 30, 2022.
             Slain by an orc
             ... wielding a +2 hand axe of electrocution
              (8 damage)
             ... on level 3 of the Dungeon.
             The game lasted 00:04:40 (2070 turns).

xian the Sneak (Merfolk Enchanter)                  Turns: 2070, Time: 00:04:41

Health: -4/24      AC:  8    Str: 10    XL:     3   Next: 45%
Magic:  15/15      EV:  4    Int: 14    God:
Gold:   52         SH:  0    Dex: 14    Spells: 6/6 levels left

rFire   . . .      SeeInvis .   a - +1 dagger
rCold   . . .      Faith    .   (no shield)
rNeg    . . .      Spirit   .   k - +0 chain mail
rPois   .          Reflect  .   (no helmet)
rElec   .          Harm     .   (no cloak)
rCorr   .          Rampage  .   (no gloves)
Will    .....                   (no boots)
Stlth   ..........              (no amulet)
HPRegen 0.08/turn               j - ring of magical power
MPRegen 0.14/turn               (no ring)

@: no status effects
A: (nimble swimmer 2), mertail
a: no special abilities


You were on level 3 of the Dungeon.
You visited 1 branch of the dungeon, and saw 3 of its levels.

You collected 52 gold pieces.

Inventory:

Hand Weapons
 a - a +1 dagger (weapon)
Missiles
 h - 3 poisoned darts (quivered)
Armour
 k - a +0 chain mail (worn)
Jewellery
 j - a ring of magical power (left hand)
Scrolls
 b - 2 scrolls of noise {unknown}
 d - a scroll of poison
 e - 3 scrolls of identify
 g - a scroll of immolation {unknown}
 i - a scroll of enchant armour {unknown}
Potions
 c - 2 potions of invisibility


   Skills:
 + Level 1.6 Short Blades
 + Level 0.2 Armour
 + Level 3.1 Dodging
 + Level 4.3 Stealth
 + Level 2.0 Spellcasting
 + Level 3.2 Hexes


You had 6 spell levels left.
You didn't know any spells.
Your spell library contained the following spells:

 Spells                   Type           Power      Damage    Failure   Level
 Ensorcelled Hibernation  Hex/Ice        10%        N/A       100%        2
 Confusing Touch          Hex            10%        N/A       100%        3
 Dazzling Flash           Conj/Hex       10%        N/A       100%        3
 Tukima's Dance           Hex            10%        N/A       100%        3


Dungeon Overview and Level Annotations

Branches:
Dungeon (3/15)

Altars:


Innate Abilities, Weirdness & Mutations

((You are very nimble when in or above water. (Stealth+, EV+, Speed+++)))
Your lower body shifts to a powerful aquatic tail in water.


Message History

You see here a frilled lizard corpse.
An orc comes into view.
It is wielding a +2 hand axe of electrocution.
The orc shouts!
You hear a shout!
An orc comes into view. It is wielding a +0 whip.
An orc comes into view.
It is wielding a +1 hand axe of freezing.
The orc shouts!
You hear a shout!
An orc comes into view. It is wielding a +0 flail.
An orc comes into view. It is wielding a +4 short sword.
The orc moves out of view.
You open the door.
There is an open door here.
The orc shouts!
You see here a +0 dagger.
You open the door.
There is an open door here.
The orc cheers noisily.
There is a stone staircase leading down here.
The orc hits you with a +2 hand axe of electrocution.
You climb downwards.
There is a stone staircase leading up here.
You closely miss the orc.
The orc hits you with a +2 hand axe of electrocution.
You barely miss the orc. Your punch misses the orc.
The orc hits you with a +2 hand axe of electrocution.
You hit the orc.
The orc is heavily wounded.
The orc hits you with a +2 hand axe of electrocution.
You closely miss the orc.
The orc is heavily wounded.
The orc hits you with a +2 hand axe of electrocution.
You hit the orc but do no damage.
The orc is heavily wounded.
The orc hits you with a +2 hand axe of electrocution.
* * * LOW HITPOINT WARNING * * *
You barely miss the orc.
The orc is heavily wounded.
The orc hits you with a +2 hand axe of electrocution.
* * * LOW HITPOINT WARNING * * *
You are electrocuted!
You die...

......
.....
....
... ..
#.
#.##
#o@#
####


You could see an orc.

Vanquished Creatures
  An adder (D:2)
  A bat (D:2)
  An endoplasm (D:1)
  5 goblins
  7 hobgoblins
  A kobold (D:1)
  A quokka (D:2)
  3 ball pythons
  3 frilled lizards
  4 rats (D:1)
27 creatures vanquished.

Notes
Turn   | Place    | Note
-------+----------+-------------------------------------------
     0 | D:1      | xian the Merfolk Enchanter began the quest for the Orb.
     0 | D:1      | Reached XP level 1. HP: 13/13 MP: 3/3
   316 | D:1      | Reached XP level 2. HP: 15/19 MP: 5/5
   895 | D:1      | Found a faded altar of an unknown god.
  1503 | D:2      | Reached skill level 4 in Stealth
  1659 | D:2      | Reached XP level 3. HP: 12/24 MP: 6/6
  2070 | D:3      | Slain by an orc

Illustrated notes

Levels and vault maps discovered:
D:1:      evilmike_arrival_fibonacci_small, layout_basic,
          chequers_ecumenical_altar_lobes, serial_forest,
          infiniplex_forest_lined_2, infiniplex_forest_zigzag_2,
          infiniplex_forest_corner_1, infiniplex_forest_clump_tiny,
          infiniplex_forest_clump_small, infiniplex_forest_corner_1,
          infiniplex_forest_corner_1, infiniplex_forest_straight_2,
          infiniplex_forest_straight_2, infiniplex_forest_end_2
D:2:      layout_basic
D:3:      layout_basic

Skill      XL: |  1  2 |
---------------+-------+-----
Stealth        | 4 |  4.3
Dodging        | 3 |  3.1
Short Blades   | |  1.6
Armour         | |  0.2
Spellcasting   | |  2.0
Hexes          | |  3.2

Action                   || total
-------------------------++-------
Melee: Dagger            ||   122
       Punch             ||     3
  Use: Scroll            ||     1
 Stab: Sleeping          ||     3
Armor: Robe              ||     4
       Chain mail        ||    33
       Ring mail         ||     5
Dodge: Dodged            ||    42

Table legend: (Time is in decaauts)
 A = Elapsed time spent in this place.
 B = Non-inter-level travel time spent in this place.
 C = Inter-level travel time spent in this place.
 D = Time resting spent in this place.
 E = Time spent auto-exploring this place.
 F = Levels seen in this place.
 G = Mean time per level.
                   A        B        C        D        E       F      G
               +--------+--------+--------+--------+--------+-----+--------+
         Total |   2060 |   2035 |     25 |      0 |   1549 |   3 |  686.7 |
       Dungeon |   2060 |   2035 |     25 |      0 |   1549 |   3 |  686.7 |
               +--------+--------+--------+--------+--------+-----+--------+

Top non-repeatable levels by time:
     D:1: 1126 daAuts
     D:2: 929 daAuts
     D:3: 5 daAuts
